 Dungeon Crawl Stone Soup version 0.29.1-4-g47bece8355 (webtiles) character file.

Game seed: 6432633581693348898

1913 NiktWazny the Cleaver (level 8, -19/69 HPs)
             Began as a Minotaur Gladiator on Dec 7, 2022.
             Was an Elder of Elyvilon.
             Demolished by an ogre
             ... wielding a +7 giant club
              (29 damage)
             ... on level 6 of the Dungeon.
             The game lasted 00:14:40 (6856 turns).

NiktWazny the Cleaver (Minotaur Gladiator)          Turns: 6856, Time: 00:14:41

Health: -19/69     AC: 10    Str: 22    XL:     8   Next: 95%
Magic:  0/7        EV:  9    Int:  5    God:    Elyvilon [****..]
Gold:   561        SH:  0    Dex: 11    Spells: 7/7 levels left

rFire   . . .      SeeInvis .   x - +5 morningstar
rCold   . . .      Faith    .   (no shield)
rNeg    . . .      Spirit   +   j - +0 chain mail
rPois   .          Reflect  .   c - +0 hat
rElec   .          Harm     .   (no cloak)
rCorr   .          Rampage  .   (no gloves)
Will    .....                   (no boots)
Stlth   ..........              l - amulet of guardian spirit
HPRegen 0.21/turn               (no ring)
MPRegen 0.10/turn               (no ring)

@: studying Short Blades
A: horns 2, retaliatory headbutt
a: Renounce Religion, Purification, Heal Other, Heal Self


You were on level 6 of the Dungeon.
You worshipped Elyvilon.
Elyvilon was greatly pleased with you.
You visited 1 branch of the dungeon, and saw 6 of its levels.
You also visited: Ossuary.

You collected 561 gold pieces.

Inventory:

Hand Weapons
 a - a +0 war axe
 x - a +5 morningstar (weapon)
Missiles
 d - 3 throwing nets (quivered)
 e - a javelin
Armour
 b - a +0 leather armour
 c - a +0 hat (worn)
 j - a +0 chain mail (worn)
Jewellery
 h - an amulet of the acrobat
 l - an amulet of guardian spirit (around neck)
 I - a ring of see invisible
Wands
 t - a wand of flame (16)
 y - a wand of roots (5)
 B - a wand of digging (5)
Scrolls
 f - 3 scrolls of immolation {unknown}
 g - 4 scrolls of identify {unknown}
 k - 2 scrolls of fog {unknown}
 m - 5 scrolls of teleportation {unknown}
 o - 2 scrolls of enchant weapon {unknown}
 q - 2 scrolls of acquirement {unknown}
 r - a scroll of poison {unknown}
 s - a scroll of noise {unknown}
 w - 2 scrolls of silence {unknown}
 z - a scroll of vulnerability {unknown}
 E - a scroll of blinking {unknown}
 G - a scroll of torment {unknown}
Potions
 i - 2 potions of curing {unknown}
 n - 3 potions of degeneration {unknown}
 p - 3 potions of cancellation {unknown}
 u - a potion of resistance {unknown}
 v - 4 potions of lignification {unknown}
 A - a potion of magic {unknown}
 C - a potion of flight {unknown}
 D - a potion of ambrosia {unknown}
 F - a potion of attraction {unknown}
 H - a potion of haste {unknown}


   Skills:
 + Level 5.4 Fighting
 + Level 8.4(9.5) Axes
 + Level 6.7(8.7) Maces & Flails
 + Level 2.1 Throwing
 + Level 6.9 Armour
 + Level 4.3 Dodging
 + Level 1.0 Stealth


You had 7 spell levels left.
You didn't know any spells.
Your spell library contained the following spells:

 Spells                   Type           Power      Damage    Failure   Level
 Freezing Cloud           Conj/Ice/Air   0%         6-21      100%        5
 Simulacrum               Ice/Necr       0%         N/A       100%        6
 Polar Vortex             Ice            0%         N/A       100%        9


Dungeon Overview and Level Annotations

Branches:
Dungeon (6/15)            Ossuary (visited)
 Temple: D:4-7

Altars:
Elyvilon
Gozag
Makhleb
Okawaru
Yredelemnul

Shops:
D:3 :

Annotations:
D:6 1 transporter, CungeonDrawl's ghost, novice DjCj


Innate Abilities, Weirdness & Mutations

You have a pair of horns on your head.
You reflexively headbutt those who attack you in melee.


Message History

You hear a grinding noise.
Sigmund hits you with a +0 scythe.
You bludgeon Sigmund!!
You kill Sigmund!
Your Stealth skill increases to level 1!
No target in view!
B - a wand of digging (5)
Things that are here:
a +0 scythe; a +0 robe; the human corpse of Sigmund The ogre shouts!
You hear a shout!
The ogre shouts!
You hear a shout!
CungeonDrawl's ghost turns its malevolent gaze towards you.
A necrophage comes into view.
Found a transporter.
There is a transporter here.
You enter the transporter and appear at another place.
The ogre hits you with a +7 giant club!!
CungeonDrawl's ghost points at you and mumbles some strange words.
The magic dart hits you.
You miss CungeonDrawl's ghost. You headbutt CungeonDrawl's ghost!
CungeonDrawl's ghost is lightly damaged.
CungeonDrawl's ghost whispers, "There is no future for you."
CungeonDrawl's ghost hits you but does no damage.
The ogre hits you with a +7 giant club!!
You are too injured to fight recklessly!
CungeonDrawl's ghost attacks as you move away!
CungeonDrawl's ghost hits you but does no damage.
CungeonDrawl's ghost attacks as you move away!
CungeonDrawl's ghost barely misses you.
CungeonDrawl's ghost points at you and mumbles some strange words.
The magic dart hits you.
There is a transporter landing site here.
The ogre hits you with a +0 giant spiked club!!
* * * LOW HITPOINT WARNING * * *
The ogre attacks as you move away! The ogre hits you with a +7 giant club!
Elyvilon protects you from harm! The ogre completely misses you.
The ogre attacks as you move away!
The ogre hits you with a +7 giant club!!
You die...

# #..#......# ### #. #..#.#..#.#
#.. #? #..#..##..# #######..
#..#..#..##..# .........
#.#.©#.#..#.# .........
#....#/....W# .........
###.©#?#.O#.# .........
#..#..##OO# ......... #..#..##.@#
#+#####.. #####..#.#..#.#
#.....'..
#......#.....©########.....#..
####......########.....##.....#..
............##'###.....##..>..###
............#....................
............'...##.....##........
............##.'##.....##.....##.
............†....#.....##.....###


You could see 3 ogres and CungeonDrawl's ghost.

Vanquished Creatures
  Sigmund (D:6)
  Duvessa (D:6)
  An ice beast (D:3)
  2 ogres
  A kobold brigand (D:6)
  6 necrophages
  A scorpion (D:5)
  4 wights (D:4)
  A water moccasin zombie (D:4)
  Dowan (D:6)
  A hound (D:4)
  2 orc priests (D:5)
  A human zombie (D:4)
  6 iguanas
  Terence (D:3)
  9 mummies
  3 gnolls (D:5)
  A river rat (D:3)
  2 adders
  A shadow imp (D:5)
  5 dart slugs
  2 worms
  10 orcs
  7 ball pythons
  9 endoplasms
  3 giant cockroaches
  6 goblins
  4 hobgoblins
  19 jackals
  4 quokkas
  6 bats
  4 frilled lizards
  4 gnoll zombies (Ossuary)
  2 hobgoblin zombies (Ossuary)
  7 kobolds
  2 orc zombies (Ossuary)
  5 rats
145 creatures vanquished.

Notes
Turn   | Place    | Note
-------+----------+-------------------------------------------
     0 | D:1      | NiktWazny the Minotaur Gladiator began the quest for the
                  | Orb.
     0 | D:1      | Reached XP level 1. HP: 18/18 MP: 0/0
    50 | D:1      | Reached skill level 4 in Axes
    50 | D:1      | Reached XP level 2. HP: 23/25 MP: 1/1
   437 | D:1      | Reached XP level 3. HP: 30/30 MP: 2/2
  1283 | D:2      | Reached skill level 5 in Axes
  1298 | D:2      | Reached XP level 4. HP: 36/37 MP: 3/3
  1730 | D:3      | Noticed Terence
  1740 | D:3      | Killed Terence
  1874 | D:3      | Noticed an ice beast
  1882 | D:3      | Killed an ice beast
  1883 | D:3      | Reached skill level 6 in Axes
  1883 | D:3      | Reached XP level 5. HP: 7/45 MP: 1/4
  2135 | D:3      | Found a faded altar of an unknown god.
  2157 | D:3      | Prayed at the altar of an unknown god.
  2157 | D:3      | Became a worshipper of Elyvilon the Healer
  2157 | D:3      | Reached * piety under Elyvilon
  2271 | D:3      | Found Waef's Book Shoppe.
  2939 | D:4      | Reached XP level 6. HP: 43/51 MP: 5/5
  3004 | D:4      | Found an iron altar of Okawaru.
  3111 | D:4      | Reached ** piety under Elyvilon
  3513 | D:4      | Reached skill level 7 in Axes
  3720 | D:4      | Reached XP level 7. HP: 49/58 MP: 3/6
  3859 | D:4      | Reached skill level 8 in Axes
  3886 | D:4      | Reached skill level 1 in Maces & Flails
  3893 | D:4      | Reached skill level 5 in Armour
  3893 | D:4      | Found a basalt altar of Yredelemnul.
  4092 | D:4      | Reached XP level 8. HP: 36/67 MP: 3/7
  4334 | D:5      | Entered Level 5 of the Dungeon
  4353 | D:5      | Found a sand-covered staircase.
  4362 | Ossuary  | Entered an ossuary
  4874 | D:5      | Reached *** piety under Elyvilon
  5662 | D:5      | Reached skill level 5 in Maces & Flails
  5993 | D:5      | Found a burning altar of Makhleb.
  6151 | D:6      | Reached skill level 5 in Fighting
  6442 | D:6      | Noticed Duvessa
  6442 | D:6      | Noticed Dowan
  6446 | D:6      | Killed Duvessa
  6455 | D:6      | Killed Dowan
  6637 | D:6      | Found an opulent altar of Gozag.
  6722 | D:6      | Reached **** piety under Elyvilon
  6788 | D:6      | Found a transporter.
  6809 | D:6      | Noticed Sigmund
  6813 | D:6      | Killed Sigmund
  6814 | D:6      | Reached skill level 1 in Stealth
  6839 | D:6      | Noticed CungeonDrawl's ghost (novice DjCj)
  6846 | D:6      | Found a transporter.
  6855 | D:6      | Elyvilon protects you from harm!
  6856 | D:6      | Demolished by an ogre

Illustrated notes

Levels and vault maps discovered:
D:1:      lemuel_arrival_tunnels, layout_loops_ring, chequers_arboretum
D:2:      layout_rooms, serial_glass, glass_columns_a, glass_columns_a,
          due_unseen_surprise, minmay_strange_pillars, minmay_strange_pillars,
          feat_on_display, wander_ebering_terrifying_dragon_lair
D:3:      layout_loops_ring, basic_ecumenical_altar, serial_shops,
          nicolae_shop_behind_doors, gup_sewer_entry_bowl, uniq_terence
D:4:      layout_layer_cave, okawaru_ov_weapons_minmay,
          lemuel_mausoleum_altar_yredelemnul
D:5:      layout_basic, bloody_makhleb, nicolae_ossuary_entry_ruins
D:6:      layout_gridville, nicolae_overflow_hidden_temple,
          grunt_gozag_breadcrumbs, gammafunk_ghost_smash,
          minmay_large_rounded_square, uniq_sigmund, uniq_duvessa

Skill      XL: |  1  2  3  4  5  6  7  8 |
---------------+-------------------------+-----
Axes           | 4 5 6 7 8 |  8.4
Dodging        | 4 |  4.3
Fighting       | 3 4 5 |  5.4
Armour         | 2 3 5 6 |  6.9
Maces & Flails | 2 6 |  6.7
Stealth        | 1 |  1.0
Throwing       | |  2.1

Action                   |  1- 3 |  4- 6 |  7- 9 || total
-------------------------+-------+-------+-------++-------
Melee: War axe           |    69 |   116 |     2 ||   187
       Headbutt          |    10 |    20 |    26 ||    56
       Morningstar       |       |       |   139 ||   139
       Punch             |       |       |     1 ||     1
  Use: Potion            |       |       |     4 ||     4
Armor: Leather armour    |     8 |       |       ||     8
       Chain mail        |    15 |    56 |    72 ||   143
Dodge: Dodged            |    49 |    46 |    76 ||   171
